 Dungeon Sprint DCSS version 0.31-a0-486-g8d68a81214 (webtiles) character file.

Game seed: 10649935565980395734

545 Midn8 the Grappler (level 7, -1/75 HPs)
             Began as a Troll Fighter on Aug 8, 2023.
             Was an Initiate of Jiyva.
             Slain by a centaur warrior (2 damage)
             ... in the Dungeon (Sprint I: "Red Sonja").
             The game lasted 00:01:51 (346 turns).

Midn8 the Grappler (Troll Fighter)                   Turns: 346, Time: 00:01:51

Health: -1/75      AC:  4    Str: 25    XL:     7   Next: 6%
Magic:  6/6        EV:  9    Int:  4    God:    Jiyva [......]
Gold:   270        SH:  9    Dex: 11    Spells: 6/6 levels left

rFire   . .          .
                       - Unarmed
rCold   . . .        b - +0 kite shield
rNeg    . . .        a - +0 robe
rPois   .            (helmet restricted)
rElec   .            (no cloak)
rCorr   .            (gloves unavailable)
SInv    .            (boots unavailable)
Will    .....        (no amulet)
Stlth   +            (no ring)
HPRegen 1.12/turn    (no ring)
MPRegen 0.10/turn

%: no teleportation
@: no status effects
A: large, unfitting armour, claws 3, regeneration 1, shaggy fur 1, tough skin 1
a: Renounce Religion


You were in the Dungeon.
You worshipped Jiyva.
Jiyva was noncommittal.
You visited 1 branch You collected 270 gold pieces.

Inventory:

Armour
 a - a +0 robe (worn)
 b - a +0 kite shield (worn)
Wands
 j - a wand of iceblast (3)
Scrolls
 i - a scroll of blinking
Potions
 c - a potion of might
 d - a potion of brilliance {unknown}
 e - a potion of heal wounds
 f - a potion of haste
 g - 2 potions of magic
 h - a potion of berserk rage


   Skills:
 - Level 6.0 Fighting
 - Level 2.4 Dodging
 - Level 5.0 Shields
 + Level 13.0 Unarmed Combat


You had 6 spell levels left.
You didn't know any spells.
Your spell library was empty.

Dungeon Overview and Level Annotations

Branches:
Dungeon (1/1)

Altars:
Cheibriados
Dithmenos
Elyvilon
Fedhas
Hepliaklqana
Kikubaaqudgha
Makhleb
Okawaru
Qazlal
Ru
Sif Muna
Trog
Uskayaw
Vehumet
Wu Jian
Xom
Yredelemnul
Zin
The Shining One
Jiyva
Lugonu

Shops:
D [


Innate Abilities, Weirdness & Mutations

You are too large for most types of armour.
You have claws for hands.
Your natural rate of healing is unusually fast.
You are covered in fur. (AC +1)
You have tough skin. (AC +1)


Message History

Found a scroll of blinking.
Unknown command.
You start resting.
You feel sick. x2
You are no longer poisoned.
You hear a distant slurping noise.
You start resting.
You hear a distant slurping noise. x3
The jelly looks more healthy.
You hear a distant slurping noise.
A centaur warrior comes into view.
The centaur warrior shouts!
The centaur warrior wields a +0 orcbow.
The centaur warrior shoots an arrow.
The arrow hits you!
You hear a shout!
A centaur warrior comes into view.
The centaur warrior shouts!
The centaur warrior shoots an arrow.
The arrow hits you!!
The centaur warrior unwields a +0 orcbow.
The centaur warrior hits you!
* * * LOW HITPOINT WARNING * * *
The centaur warrior barely misses you.
The centaur warrior wields a +0 shortbow.
The centaur warrior shoots an arrow.
You block the arrow. The centaur warrior hits you.
* * * LOW HITPOINT WARNING * * *
The centaur warrior barely misses you.
The centaur warrior shoots an arrow.
You block the arrow.
You barely miss the centaur warrior.
The centaur warrior is heavily wounded.
The centaur warrior shoots an arrow.
You block the arrow. The centaur warrior hits you!
* * * LOW HITPOINT WARNING * * *
The centaur warrior closely misses you.
Unknown command.
You mangle the centaur warrior!!
The centaur warrior is almost dead.
The centaur warrior hits you.
* * * LOW HITPOINT WARNING * * *
The centaur warrior kicks you.
You die...

###################
#<.#..').#).'..#__#
#..').#..'..#..'..+
#..#####'#####'#__# ##
#..# #..#...#G####§.#
#..#__####..##.#c§§§.#
#..#_____##'#§.@c§§§.+
#⌠⌠#_.∩......._#§§§.§#
####_..__##_.#+##+####
___ ##.# # #.# ,...
#...# ##.## #+#


You could see 2 centaur warriors and a neutral floating eye (wandering) (fellow
slime).

Vanquished Creatures
  Sigmund (D)
  A slime creature (D)
  A yak (D)
  An ogre (D)
  Ijyb (D)
5 creatures vanquished.

Vanquished Creatures (others)
  Sonja (D)
  2 floating eyes (D)
  2 necrophages (D)
  8 jellies (D)
13 creatures vanquished.

Grand Total: 18 creatures vanquished

Notes
Turn   | Place    | Note
-------+----------+-------------------------------------------
     0 | D        | Midn8 the Troll Fighter began the quest for the Orb.
     0 | D        | Reached XP level 1. HP: 22/22 MP: 0/0
     1 | D        | Noticed Ijyb
    16 | D        | Killed Ijyb
    17 | D        | Reached skill level 6 in Unarmed Combat
    17 | D        | Reached XP level 2. HP: 6/29 MP: 1/1
    42 | D        | Noticed an ogre
    47 | D        | Killed an ogre
    48 | D        | Reached skill level 8 in Unarmed Combat
    48 | D        | Reached XP level 3. HP: 10/39 MP: 2/2
    48 | D        | Reached XP level 4. HP: 12/48 MP: 3/3
   191 | D        | Noticed Sigmund
   198 | D        | Killed Sigmund
   199 | D        | Reached skill level 11 in Unarmed Combat
   199 | D        | Reached XP level 5. HP: 39/54 MP: 4/4
   224 | D        | Found a burning altar of Makhleb.
   224 | D        | Found a viscous altar of Jiyva.
   224 | D        | Found a shimmering altar of Xom.
   224 | D        | Found a corrupted altar of Lugonu.
   224 | D        | Noticed a slime creature
   232 | D        | Killed a slime creature
   233 | D        | Reached skill level 12 in Unarmed Combat
   233 | D        | Reached XP level 6. HP: 22/67 MP: 5/5
   275 | D        | Became a worshipper of Jiyva Jelow the Shapeless
   277 | D        | Found an ornate altar of the Wu Jian Council.
   277 | D        | Found a shimmering blue altar of Sif Muna.
   279 | D        | Found a radiant altar of Vehumet.
   289 | D        | Killed a floating eye
   294 | D        | Noticed a floating eye
   295 | D        | Noticed a floating eye
   295 | D        | Noticed Sonja
   299 | D        | Found a stormy altar of Qazlal.
   299 | D        | Found a blossoming altar of Fedhas.
   300 | D        | Noticed a yak
   300 | D        | Found Moyxt's Antique Armour Emporium.
   300 | D        | Found a bloodstained altar of Trog.
   300 | D        | Found an iron altar of Okawaru.
   300 | D        | Found a glowing silver altar of Zin.
   302 | D        | Found an ancient bone altar of Kikubaaqudgha.
   302 | D        | Found a glowing golden altar of the Shining One.
   302 | D        | Found a white marble altar of Elyvilon.
   303 | D        | Found a hazy altar of Hepliaklqana.
   303 | D        | Found a hide-covered altar of Uskayaw.
   303 | D        | Found a basalt altar of Yredelemnul.
   303 | D        | Found a snail-covered altar of Cheibriados.
   303 | D        | Found a sacrificial altar of Ru.
   303 | D        | Found a shadowy altar of Dithmenos.
   303 | D        | Killed a floating eye
   310 | D        | Killed a yak
   310 | D        | Killed Sonja
   311 | D        | Reached skill level 5 in Shields
   311 | D        | Reached skill level 13 in Unarmed Combat
   311 | D        | Reached XP level 7. HP: 30/75 MP: 6/6
   341 | D        | Noticed a centaur warrior
   343 | D        | Noticed a centaur warrior
   345 | D        | HP: 2/75 [centaur warrior (11)]
   346 | D        | Slain by a centaur warrior

Illustrated notes

Levels and vault maps discovered:
D:        dungeon_sprint_1 [red_sonja_temple_1, red_sonja_temple_small_1]

Skill      XL: |  1  2  3  4  5  6 |
---------------+-------------------+-----
Unarmed Combat | 6 8 11 12 13 | 13.0
Fighting       | 4 6 |  6.0
Shields        | 4 5 |  5.0
Dodging        | |  2.4

Action                     |  1- 3 |  4- 6 |  7- 9 || total
---------------------------+-------+-------+-------++-------
  Melee: Unarmed           |    19 |    15 |     2 ||    36
    Use: Potion            |       |     1 |       ||     1
 Armour: Robe              |     1 |     2 |       ||     3
  Dodge: Dodged            |     3 |     2 |     3 ||     8
  Block: Kite shield       |     5 |     4 |     3 ||    12

Table legend: (Time is in decaauts)
 A = Elapsed time spent in this place.
 B = Non-inter-level travel time spent in this place.
 C = Inter-level travel time spent in this place.
 D = Time resting spent in this place.
 E = Time spent auto-exploring this place.
 F = Levels seen in this place.
 G = Mean time per level.
                   A        B        C        D        E       F      G
               +--------+--------+--------+--------+--------+-----+--------+
         Total |    345 |    345 |      0 |    237 |      0 |   1 |  345.0 |
       Dungeon |    345 |    345 |      0 |    237 |      0 |   1 |  345.0 |
               +--------+--------+--------+--------+--------+-----+--------+

Top non-repeatable levels by time:
       D: 345 daAuts
